 Dungeon Crawl Stone Soup version 0.30-a0-851-gbd0d260d8e (webtiles) character file.

Game seed: 10217201750211890121

56 IndexError the Shooter (level 3, -3/23 HPs)
             Began as a Gargoyle Hunter on Mar 4, 2023.
             Slain by Terence
             ... wielding a +0 flail
              (5 damage)
             ... on level 2 of the Dungeon.
             The game lasted 00:01:38 (1101 turns).

IndexError the Shooter (Gargoyle Hunter)            Turns: 1101, Time: 00:01:38

Health: -3/23      AC:  7    Str: 14    XL:     3   Next: 95%
Magic:  3/3        EV: 11    Int:  9    God:
Gold:   89         SH:  0    Dex: 15    Spells: 2/2 levels left

rFire   . . .      SeeInvis .    a - +0 shortbow
rCold   . . .      Faith    .    (shield currently unavailable)
rNeg    + . .      Spirit   .    c - +0 leather armour
rPois   ∞          Reflect  .    (no helmet)
rElec   +          Rampage  .    (no cloak)
rCorr   .                        i - +0 pair of gloves
Will    .....                    (no boots)
Stlth   ++                       (no amulet)
HPRegen 0.23/turn                (no ring)
MPRegen 0.08/turn                (no ring)

@: no status effects
A: sickness immunity, AC +3, negative energy resistance 1, electricity
resistance, torment resistance 1, petrification resistance
a: no special abilities


You were on level 2 of the Dungeon.
You visited 1 branch of the dungeon, and saw 2 of its levels.

You collected 89 gold pieces.

Inventory:

Hand Weapons
 a - a +0 shortbow (weapon)
Armour
 c - a +0 leather armour (worn)
 i - a +0 pair of gloves (worn)
   (You found it on level 2 of the Dungeon)
Scrolls
 b - 2 scrolls of immolation {!r}
 d - a scroll of enchant armour {unknown}
 f - a scroll of acquirement {unknown}
Potions
 e - a potion of heal wounds {unknown}
 g - a potion of attraction {unknown}
 h - 2 potions of curing {unknown}


   Skills:
 + Level 3.1 Fighting
 * Level 5.0 Ranged Weapons
 - Level 1.5 Dodging
 - Level 1.1 Stealth


You had 2 spell levels left.
You didn't know any spells.
Your spell library contained the following spells:

 Spells                   Type           Power      Damage    Failure   Level
 Ignite Poison            Fire/Tmut/Pois 0%         N/A       83%         3
 Kindle Blastsparks       Fire/Tloc/Air  0%         2d10      83%         3
 Freezing Cloud           Conj/Ice/Air   0%         6-21      100%        5


Dungeon Overview and Level Annotations

Branches:
Dungeon (2/15)

Altars:

Shops:
D:1 :

Annotations:
D:2 Terence


Innate Abilities, Weirdness & Mutations

You are immune to sickness and miasma.
Your stone body is resilient. (AC +3)
You are immune to poison.
You resist negative energy. (rN+)
You are resistant to electric shocks. (rElec)
You are resistant to unholy torment.
You are immune to petrification.


Message History

You continue putting on your +0 pair of gloves. x3
You finish putting on your +0 pair of gloves.
You shoot an arrow.
The arrow hits the hobgoblin but does no damage.
You hear an angry hiss.
The hobgoblin misses you.
You shoot an arrow. The arrow hits the hobgoblin!
An adder comes into view.
The dart slug launches a dart at you.
The slug dart hits you but does no damage.
Your Fighting skill increases to level 3!
Health restored: 23 You shoot an arrow.
The arrow misses the adder.
You shoot an arrow. The arrow barely misses the adder.
The adder barely misses you.
You shoot an arrow. The arrow hits the adder!
The adder bites you. The adder barely misses you.
You take 1 damage, and have 22/23 hp.
You shoot an arrow. The arrow hits the adder!
The dart slug launches a dart at you.
The slug dart hits you but does no damage.
Your Ranged Weapons skill increases to level 5!
You shoot an arrow. The arrow hits the dart slug.
You shoot an arrow.
The arrow hits the dart slug but does no damage.
The dart slug barely misses you.
You shoot an arrow. The arrow hits the dart slug!
Health restored: 23 No target in view!
A kobold comes into view. It is wielding a +0 whip.
You shoot an arrow. The arrow closely misses the kobold.
You shoot an arrow. The arrow barely misses the kobold.
No target in view!
No target in view!
No target in view!
A kobold is nearby!
You shoot an arrow. The arrow barely misses the kobold.
The kobold hits you but does no damage.
You shoot an arrow. The arrow hits the kobold.
No target in view!
No target in view!
You now have 89 gold pieces (gained 12).
Found a stone staircase leading down.
You pick up a Trismegistus Codex and begin reading...
You add the spells Kindle Blastsparks, Ignite Poison and Freezing Cloud to your library.
Terence the Incautious comes into view.
He is wielding a +0 flail.
You shoot an arrow. The arrow barely misses Terence.
You shoot an arrow. The arrow hits Terence.
You shoot an arrow.
The arrow hits Terence but does no damage.
Terence hits you with a +0 flail. x2
You take 6 damage, and have 17/23 hp.
MASSIVE DAMAGE!!
You shoot an arrow. The arrow barely misses Terence.
Terence hits you with a +0 flail.
You shoot an arrow. The arrow barely misses Terence.
Terence closely misses you.
You shoot an arrow. The arrow hits Terence.
Terence hits you with a +0 flail! Terence hits you but does no damage.
You take 9 damage, and have 8/23 hp.
MASSIVE DAMAGE!!
You are too injured to fight recklessly!
You are too injured to fight recklessly!
Fire: a) +0 shortbow
Press: ? - help, Q - select action Shift-Dir - straight line, f/p - Terence
Aim: Terence, wielding a +0 flail and wearing a +0 scale mail (moderately wounded, 65% to hit)
You shoot an arrow. The arrow closely misses Terence.
Terence hits you but does no damage.
Fire: a) +0 shortbow
Press: ? - help, Q - select action Shift-Dir - straight line, f/p - Terence
Aim: Terence, wielding a +0 flail and wearing a +0 scale mail (moderately wounded, 65% to hit)
You shoot an arrow. The arrow hits Terence!
Terence shouts, "Get ready for death!"
Terence hits you but does no damage.
Fire: a) +0 shortbow
Press: ? - help, Q - select action Shift-Dir - straight line, f/p - Terence
Aim: Terence, wielding a +0 flail and wearing a +0 scale mail (severely wounded, 65% to hit)
You shoot an arrow.
The arrow hits Terence but does no damage.
Terence hits you with a +0 flail.
* * * LOW HITPOINT WARNING * * *
Terence hits you with a +0 flail.
* * * LOW HITPOINT WARNING * * *
Fire: a) +0 shortbow
Press: ? - help, Q - select action Shift-Dir - straight line, f/p - Terence
Aim: Terence, wielding a +0 flail and wearing a +0 scale mail (severely wounded, 65% to hit)
You shoot an arrow. The arrow hits Terence.
Terence hits you with a +0 flail.
* * * LOW HITPOINT WARNING * * *
You take 8 damage, and have 1/23 hp.
MASSIVE DAMAGE!!
Fire: a) +0 shortbow
Press: ? - help, Q - select action Shift-Dir - straight line, f/p - Terence
Aim: Terence, wielding a +0 flail and wearing a +0 scale mail (severely wounded, 65% to hit)
You shoot an arrow.
The arrow hits Terence but does no damage.
Terence barely misses you.
Fire: a) +0 shortbow
Press: ? - help, Q - select action Shift-Dir - straight line, f/p - Terence
Aim: Terence, wielding a +0 flail and wearing a +0 scale mail (severely wounded, 65% to hit)
You shoot an arrow. The arrow hits Terence.
Terence hits you with a +0 flail.
You die...

#.# ##....## #.##.
##......## ..#..
#........# ###....
.#........# #.#.#
.#........# #.#.#
.#......)†.
######.#.###.##......##
#....@.#>##...##....##.
#@#.#..#(.#######.
#.#.#....## #.###.
#......#).# #.....
###..##.#.# ###.##
#..##.#.# #.#
#..##.#.### #.#
#..##.....# #.#
...##.....###.#
###.##....†....#


You could see Terence.

Vanquished Creatures
  An adder (D:2)
  2 dart slugs
  An endoplasm (D:1)
  13 giant cockroaches
  A goblin (D:1)
  3 hobgoblins
  2 quokkas (D:1)
  6 ball pythons (D:1)
  4 bats (D:1)
  A frilled lizard (D:1)
  A kobold (D:2)
  2 rats (D:1)
37 creatures vanquished.

Notes
Turn   | Place    | Note
-------+----------+-------------------------------------------
     0 | D:1      | IndexError the Gargoyle Hunter began the quest for the Orb.
     0 | D:1      | Reached XP level 1. HP: 12/12 MP: 1/1
   223 | D:1      | Reached XP level 2. HP: 18/18 MP: 2/2
   362 | D:1      | Found a faded altar of an unknown god.
   531 | D:1      | Found Vabyall's Book Shoppe.
   806 | D:1      | Reached XP level 3. HP: 22/22 MP: 3/3
  1064 | D:2      | Reached skill level 3 in Fighting
  1068 | D:2      | Reached skill level 5 in Ranged Weapons
  1089 | D:2      | Noticed Terence
  1098 | D:2      | HP: 4/23 [Terence/+0 flail (5)]
  1099 | D:2      | HP: 1/23 [Terence/+0 flail (2)]
  1101 | D:2      | Slain by Terence

Illustrated notes

Levels and vault maps discovered:
D:1:      lemuel_arrival_hallway, layout_basic, serial_shops, shop,
          hellmonk_ecumenical_altar_run_dry
D:2:      minmay_roachtagon, layout_loops_ring, basic_altar, uniq_jessica,
          uniq_terence

Skill      XL: |  1  2  3 |
---------------+----------+-----
Fighting       | 3 |  3.1
Ranged Weapons | 5 |  5.0
Dodging        | |  1.5
Stealth        | |  1.1

Action                     || total
---------------------------++-------
   Fire: Shortbow          ||   115
 Armour: Leather armour    ||    27
  Dodge: Dodged            ||    43

Table legend: (Time is in decaauts)
 A = Elapsed time spent in this place.
 B = Non-inter-level travel time spent in this place.
 C = Inter-level travel time spent in this place.
 D = Time resting spent in this place.
 E = Time spent auto-exploring this place.
 F = Levels seen in this place.
 G = Mean time per level.
                   A        B        C        D        E       F      G
               +--------+--------+--------+--------+--------+-----+--------+
         Total |   1135 |   1005 |    130 |      0 |    793 |   2 |  567.5 |
       Dungeon |   1135 |   1005 |    130 |      0 |    793 |   2 |  567.5 |
               +--------+--------+--------+--------+--------+-----+--------+

Top non-repeatable levels by time:
     D:1: 971 daAuts
     D:2: 164 daAuts

Table legend:
 A = Kills in this place as a percentage of kills in the entire game.
 B = Kills by you in this place as a percentage of kills by you in the entire game.
 C = Kills by friends in this place as a percentage of kills by friends in the entire game.
 D = Other kills in this place as a percentage of other kills in the entire game.
 E = Experience gained in this place as a percentage of experience gained in the entire game.
 F = Experience gained in this place divided by the number of levels of this place that you have seen.
                   A       B       C       D       E      F
               +-------+-------+-------+-------+-------+----------------------
         Total | 100.0 | 100.0 |   N/A |   N/A | 100.0 |  40.0
       Dungeon | 100.0 | 100.0 |   N/A |   N/A | 100.0 |  40.0
               +-------+-------+-------+-------+-------+----------------------
